 Dungeon Crawl Stone Soup version 0.26-a0-812-g31a745ddcd (webtiles) character file.

Game seed: 15331498195551136704

508502 nuthulu the Conqueror (level 25, -3/187 HPs)
             Began as a Gargoyle Fighter on Nov 27, 2020.
             Was the Champion of Okawaru.
             Killed by the air
             ... invoked by a titan
              (24 damage)
             ... on level 4 of the Vaults.
             The game lasted 01:37:37 (50346 turns).

nuthulu the Conqueror (Gargoyle Fighter)           Turns: 50346, Time: 01:37:38

Health: -3/187     AC: 70    Str: 33    XL:     25   Next: 44%
Magic:  9/9        EV: 21    Int: 11    God:    Okawaru [******]
Gold:   1852       SH: 21    Dex: 19    Spells: 24/24 levels left

rFire    . . .     SeeInvis +   C - +5 demon whip "Spellbinder" {antimagic, MR+}
rCold    . . .     Faith    .   c - +5 kite shield {reflect}
rNeg     + . .     Spirit   .   L - +14 plate armour "Axkitede" {Dex+8}
rPois    ∞         Reflect  +   Q - +2 helmet {SInv}
rElec    +         Harm     .   z - +2 cloak
rCorr    .         Rampage  +   D - +2 pair of gloves {Str+3}
MR       ++...                  T - +2 pair of boots {rampage}
Stlth    ..........             u - amulet of regeneration
HPRegen  0.81/turn              o - ring "Idwixuri" {+Fly AC+4 Str+3 Dex-4 Slay+5}
MPRegen  0.11/turn              P - ring of Xom's Malicious Joy {+Fly Str+3 Slay+4 Stlth+}

@: flying
A: big wings, low mp 1, negative energy resistance 1, electricity resistance,
unbreathing, petrification resistance, rot immunity, AC +19
}: 2/15 runes: decaying, gossamer
a: Stop Flying, Heroism, Finesse, Renounce Religion


You were on level 4 of the Vaults.
You worshipped Okawaru.
Okawaru was exalted by your worship.
You visited 8 branches of the dungeon, and saw 42 of its levels.
You also visited: Ossuary, Bailey and Gauntlet.

You collected 7698 gold pieces.
You spent 5846 gold pieces at shops.

Inventory:

Hand Weapons
 C - the +5 demon whip "Spellbinder" (weapon) {antimagic, MR+}
   (You found it on level 14 of the Dungeon)

   It reduces the magical energy of the wielder, and disrupts the spells and
   magical abilities of those hit.
   Natural abilities and divine invocations are not affected.
   It affects your resistance to hostile enchantments.
 R - a +7 vorpal morningstar
Armour
 c - a +5 kite shield of reflection (worn)
 z - a +2 cloak (worn)
 D - a +2 pair of gloves of strength (worn)
 E - +0 gold dragon scales
 L - the +14 plate armour "Axkitede" (worn) {Dex+8}
   (You bought it in a shop on level 2 of the Orcish Mines)

   It affects your dexterity (+8).
 N - the +1 pair of boots of Minor Irritation {*Slow rC++ rCorr}
   (You found it in a Gauntlet)

   It greatly protects you from cold.
   It provides partial protection from all sources of acid and corrosion.
   It may slow you when you take damage.
 Q - a +2 helmet of see invisible (worn)
 T - a +2 pair of boots of rampaging (worn)
Jewellery
 f - an uncursed amulet of faith
 o - the ring "Idwixuri" (left hand) {+Fly AC+4 Str+3 Dex-4 Slay+5}
   (You bought it in a shop on level 2 of the Orcish Mines)

   [ring of protection]

   It affects your AC (+4).
   It affects your strength (+3).
   It affects your dexterity (-4).
   It affects your accuracy and damage with ranged weapons and melee attacks
   (+5).
   It lets you fly.
 q - an uncursed ring of fire
 u - an amulet of regeneration (around neck)
 H - an uncursed ring of see invisible
 I - the amulet "Fusopatu" {Acrobat +Fly rC- Dex+2 SInv}
   (You found it on level 13 of the Dungeon)

   [amulet of the acrobat]

   It helps you evade while moving and waiting.
   It affects your dexterity (+2).
   It makes you vulnerable to cold.
   It lets you see invisible.
   It lets you fly.
 O - an uncursed ring of protection from fire
 P - the ring of Xom's Malicious Joy (right hand) {+Fly Str+3 Slay+4 Stlth+}
   (You took it off a minotaur in a Gauntlet)

   [ring of slaying]

   It affects your strength (+3).
   It affects your accuracy and damage with ranged weapons and melee attacks
   (+4).
   It lets you fly.
   It makes you more stealthy.
 U - an uncursed ring of protection from magic
 W - an uncursed ring of ice
 Y - an uncursed ring of wizardry
 Z - an uncursed ring of protection from magic
Wands
 a - a wand of enslavement (21)
 b - a wand of random effects (15)
 t - a wand of acid (35)
 v - a wand of disintegration (11)
 x - a wand of paralysis (16)
 y - a wand of flame (76)
 A - a wand of iceblast (32)
 M - a wand of digging (3)
 S - a wand of polymorph (33)
Scrolls
 e - 29 scrolls of remove curse
 l - 7 scrolls of magic mapping
 m - 7 scrolls of amnesia
 p - 28 scrolls of teleportation
 r - 11 scrolls of blinking
 F - 6 scrolls of fog
 J - 2 scrolls of fear
 K - 6 scrolls of identify
 X - 3 scrolls of holy word
Potions
 d - 3 potions of might
 g - 5 potions of magic
 h - 3 potions of ambrosia
 i - 13 potions of curing
 j - 13 potions of heal wounds
 k - 7 potions of cancellation
 n - 2 potions of resistance
 s - 10 potions of attraction
 w - 4 potions of haste
 B - 5 potions of berserk rage
 G - 4 potions of mutation
 V - 2 potions of brilliance


   Skills:
 O Level 27 Fighting
 - Level 16.0 Maces & Flails
 - Level 17.8 Armour
 + Level 17.5 Dodging
 - Level 15.1 Shields
 - Level 10.8 Invocations


You had 24 spell levels left.
You didn't know any spells.
Your spell library contained the following spells:

 Spells                   Type           Power        Failure   Level
 Beastly Appendage        Tmut           #.....       82%         1
 Corona                   Hex            #......      82%         1
 Foxfire                  Conj/Fire      #...         82%         1
 Magic Dart               Conj           #...         82%         1
 Sandblast                Erth           #.....       82%         1
 Sting                    Tmut/Pois      #...         82%         1
 Blink                    Tloc           N/A          91%         2
 Call Imp                 Summ           #.......     91%         2
 Corpse Rot               Necr/Air       N/A          91%         2
 Ensorcelled Hibernation  Hex/Ice        #.....       91%         2
 Passwall                 Tmut/Erth      #.......     91%         2
 Poisonous Vapours        Pois/Air       #.....       91%         2
 Searing Ray              Conj           #.....       91%         2
 Slow                     Hex            #.......     91%         2
 Swiftness                Air            #.......     91%         2
 Wereblood                Tmut           #.......     91%         2
 Confusing Touch          Hex            #.......     99%         3
 Conjure Flame            Conj/Fire      #.......     99%         3
 Dazzling Flash           Conj/Hex       #.....       99%         3
 Ignite Poison            Fire/Tmut/Pois #.......     99%         3
 Inner Flame              Hex/Fire       #.......     99%         3
 Mephitic Cloud           Conj/Pois/Air  #.......     99%         3
 Spider Form              Tmut/Pois      #.........   99%         3
 Static Discharge         Conj/Air       #.......     99%         3
 Stone Arrow              Conj/Erth      #.....       99%         3
 Summon Guardian Golem    Hex/Summ       #.......     99%         3
 Tukima's Dance           Hex            #.......     99%         3
 Cause Fear               Hex            #.........   100%        4
 Dispel Undead            Necr           #.......     100%        4
 Fulminant Prism          Conj/Hex       #.........   100%        4
 Ice Form                 Ice/Tmut       #.......     100%        4
 Iskenderun's Mystic Bla  Conj/Tloc      #.......     100%        4
 Olgreb's Toxic Radiance  Pois           #.......     100%        4
 Passage of Golubria      Tloc           N/A          100%        4
 Petrify                  Tmut/Erth      #.......     100%        4
 Sticky Flame             Conj/Fire      #.......     100%        4
 Summon Lightning Spire   Summ/Air       #.......     100%        4
 Agony                    Necr           #.......     100%        5
 Alistair's Intoxication  Tmut/Pois      #........    100%        5
 Blade Hands              Tmut           #.........   100%        5
 Bolt of Magma            Conj/Fire/Erth #.........   100%        5
 Borgnjor's Vile Clutch   Necr/Erth      #.........   100%        5
 Excruciating Wounds      Necr           #.........   100%        5
 Fireball                 Conj/Fire      #.........   100%        5
 Irradiate                Conj/Tmut      #.........   100%        5
 Iskenderun's Battlesphe  Conj           #.......     100%        5
 Lee's Rapid Deconstruct  Erth           #.........   100%        5
 Metabolic Englaciation   Hex/Ice        #.........   100%        5
 Silence                  Hex/Air        #.........   100%        5
 Yara's Violent Unravell  Hex/Tmut       #.........   100%        5
 Conjure Ball Lightning   Conj/Air       #.........   100%        6
 Freezing Cloud           Conj/Ice/Air   #.........   100%        6
 Hydra Form               Tmut           #.........   100%        6
 Invisibility             Hex            #.......     100%        6
 Iron Shot                Conj/Erth      #.........   100%        6
 Ozocubu's Refrigeration  Ice            #.........   100%        6
 Shadow Creatures         Summ           N/A          100%        6
 Simulacrum               Ice/Necr       #.........   100%        6
 Starburst                Conj/Fire      #.........   100%        6
 Dragon Form              Tmut           #.........   100%        7
 Malign Gateway           Summ/Tloc      #.........   100%        7
 Monstrous Menagerie      Summ           #.........   100%        7
 Orb of Destruction       Conj           #.........   100%        7
 Spellforged Servitor     Conj/Summ      #.........   100%        7
 Summon Greater Demon     Summ           #.........   100%        7
 Chain Lightning          Conj/Air       #.........   100%        8
 Ignition                 Fire           #.........   100%        8
 Lehudib's Crystal Spear  Conj/Erth      #.........   100%        8
 Summon Horrible Things   Summ           #.........   100%        8
 Absolute Zero            Ice            #.........   100%        9
 Fire Storm               Conj/Fire      #.........   100%        9
 Tornado                  Air            #.........   100%        9
 Sublimation of Blood     Necr           Unusable     N/A         2
 Statue Form              Tmut/Erth      Unusable     N/A         6

Dungeon Overview and Level Annotations

Branches:
Dungeon (15/15)            Temple (1/1) D:7            Lair (6/6) D:8
  Swamp (4/4) Lair:2       Spider (4/4) Lair:2        Slime (0/5) Lair:5
    Orc (2/2) D:10            Elf (0/3) Orc:2        Vaults (5/5) D:14
  Crypt (0/3) Vaults:3     Depths (5/5) D:15            Zot (0/5) Depths:5
Ossuary (visited)          Bailey (visited)         Gauntlet (visited)

Altars:
Ashenzari
Cheibriados
Elyvilon
Fedhas
Gozag
Kikubaaqudgha
Makhleb
Nemelex Xobeh
Okawaru
Qazlal
Ru
Sif Muna
Uskayaw
Vehumet
Wu Jian
Xom
Yredelemnul
Zin
The Shining One
Beogh

Shops:
D:4 [   D:5 [   Orc:2 [=:[(   Vaults:4 ([   Depths:1 =}=   Depths:3 *
Depths:4 }?

Portals:
Hell: Depths:1 Depths:2 Depths:3 Depths:4 Depths:5
Abyss: Depths:1 Depths:2 Depths:4
Pandemonium: Depths:3 Depths:4
Ziggurat: Depths:1
Trove: Depths:1 (give horn of Geryon)

Annotations:
D:10 Sonja


Innate Abilities, Weirdness & Mutations

You are resistant to torment.
Your stone body is resilient. (AC +19)
You are immune to poison.
Your large and strong wings let you fly indefinitely.
You resist negative energy. (rN+)
You are resistant to electric shocks. (rElec)
You can survive without breathing.
You are immune to petrification.
You are immune to rotting.
Your magical capacity is low. (-10% MP)


Message History

You thrash the stone giant!!
You kill the stone giant!
Okawaru accepts your kill. You block the harpy's attack.
The harpy claws you but does no damage.
The titan waves its arms in wide circles.
The air twists around and violently strikes you in flight!!!
* * * LOW HITPOINT WARNING * * *
The yaktaur captain misses you. The harpy barely misses you.
The harpy claws you but does no damage.
You whack the titan!
The titan's magic leaks into the air.
The titan pauses, visibly distraught!
The titan is drained!
The titan is severely wounded.
You block the harpy's attack. The harpy barely misses you.
Unknown command.
You hit the titan but do no damage.
Sparks fly from the titan's hands.
The titan is severely wounded.
You block the harpy's attack. The harpy misses you.
The titan waves its arms in wide circles.
The air twists around and violently strikes you in flight!!
You die...

.##............................).
###............................).
..#.....#########################
..#.....# ..#.....# ########
..'.....############ #.......
..#.....##.........# #.######
..#.....##..(..C)[(# #.#.....
###.....##......@..# #.#.###[
###....(##.....†cH.# ###.#.)[
..#.....##.........# #...#...
..#.....##.....(...# #.###...
..'.....##......(..# #.# #.##
..#...[.#######[#### #.# #...
..#.....# #....(.# #.######
..#.....# #....[[# #.......
..#.....# #......# ########


You could see a titan (drained), a yaktaur captain and a harpy.

Vanquished Creatures
  2 ancient liches (Depths:1)
  2 juggernauts
  A caustic shrike (Depths:4)
  Nikola (Spider:3)
  4 golden dragons
  Arachne (Spider:4)
  A profane servitor (Depths:4)
  A bone dragon (Depths:5)
  4 tentacled monstrosities
  A quicksilver dragon (Vaults:4)
  10 liches
  2 titans
  4 sphinxes
  The ghost of Pienaguc the Severer, an adept DDFi of Makhleb (Swamp:2)
  3 shadow dragons
  3 thorn hunters
  3 storm dragons
  12 tengu reavers
  Donald (Vaults:3)
  13 frost giants
  A fenstrider witch (shapeshifter) (Depths:4)
  9 fire giants
  4 ghost moths
  Aizul (Swamp:2)
  A balrug (Depths:3)
  2 emperor scorpions
  A deep elf elementalist (Depths:5)
  11 vault wardens
  A draconian stormcaller (Depths:5)
  The ghost of Foufiw the Eclecticist, an adept DENe of Kikubaaqudgha (Vaults:3)
  A spriggan defender (Depths:5)
  2 draconian annihilators
  12 ironheart preservers
  A war gargoyle (Vaults:3)
  12 very ugly things
  4 entropy weavers
  24 stone giants
  The ghost of Orgheunu the Protected, a journeyman DDFi of Makhleb (Lair:4)
  4 vampire knights
  A green draconian (Depths:5)
  A black draconian (Depths:5)
  2 deep elf annihilators (Depths:1)
  3 deep elf demonologists
  2 yellow draconians (Depths:5)
  A minotaur (Gauntlet)
  3 spark wasps
  2 bunyips (Swamp:4)
  A red draconian (Depths:5)
  18 ettins
  2 eidola (Vaults:3)
  2 purple draconians (Depths:5)
  3 deep elf death magi
  An eleionoma (Swamp:2)
  2 pearl dragon zombies (Depths:4)
  21 fire dragons
  11 yaktaur captains
  2 deep elf high priests
  3 jiangshi
  5 rakshasas
  9 great orbs of eyes
  17 ice dragons
  10 boulder beetles
  Harold (D:7)
  6 spriggan air magi
  A spectral frost giant (Vaults:3)
  24 vault guards
  20 hydras
  12 ogre magi
  17 centaur warriors
  A death knight (Depths:4)
  37 two-headed ogres
  2 ghost crabs
  11 alligators
  16 deep troll shamans
  14 deep troll earth magi
  4 hell hogs
  6 tengu warriors
  4 spriggan berserkers
  9 death yaks
  3 orc high priests
  A spectral storm dragon (Vaults:3)
  A goliath frog (shapeshifter) (Gauntlet)
  2 vampire magi
  A hell knight (Vaults:1)
  2 sun demons (Depths:3)
  3 goliath frogs
  9 deep elf knights
  12 skeletal warriors
  2 unseen horrors
  9 iron trolls
  30 deep trolls
  10 glowing orange brains
  10 swamp dragons
  A flayed ghost (Vaults:2)
  3 spriggan druids
  5 bog bodies
  11 deep elf archers
  7 wizards
  A phantasmal warrior (Vaults:2)
  13 ironbrand convokers
  3 necromancers
  A sphinx zombie (Vaults:3)
  4 harpies
  Pikel (D:6)
  20 orb spiders
  16 orc knights
  A harpy (shapeshifter) (Vaults:4)
  6 orc sorcerers
  A wolf spider zombie (D:15)
  61 ugly things
  13 deep elf magi
  A faun (shapeshifter) (Vaults:4)
  2 manticores
  31 wolf spiders
  A will-o-the-wisp (Swamp:3)
  4 apis skeletons (Depths:4)
  2 moths of wrath
  14 elephants (Lair:5)
  11 vault sentinels
  4 cyclopes
  5 black mambas
  A stone giant skeleton (Vaults:3)
  3 torpor snails
  Joseph (D:7)
  A frost giant skeleton (Vaults:3)
  A naga mage (Depths:1)
  8 large abominations (Depths:4)
  Maggie (D:8)
  14 cane toads
  40 yaktaurs
  9 freezing wraiths
  A spectral glowing shapeshifter (Vaults:3)
  10 rime drakes
  9 komodo dragons
  2 human skeletons
  4 tengu conjurers
  5 trolls
  A meliai (shapeshifter) (D:15)
  13 polar bears
  32 jumping spiders
  A queen bee (shapeshifter) (Depths:1)
  A wind drake (shapeshifter) (D:14)
  9 demonic crawlers
  A jumping spider (shapeshifter) (D:13)
  13 tyrant leeches
  22 hornets
  A polar bear (shapeshifter) (Vaults:1)
  A blink frog (shapeshifter) (Depths:1)
  Prince Ribbit (D:9)
  2 stone giant simulacra
  9 blink frogs
  6 dream sheep (Lair:4)
  22 slime creatures
  3 raiju (Lair:6)
  A frost giant simulacrum (Vaults:3)
  2 fire giant simulacra (Vaults:3)
  3 human simulacra
  80 redbacks
  8 spriggans
  A shadow (D:13)
  22 tarantellas
  A vampire (D:15)
  A wraith (D:14)
  A water elemental (D:15)
  A tarantella (shapeshifter) (Depths:4)
  21 humans
  56 yaks
  4 fire bats (Gauntlet)
  A human (shapeshifter) (Depths:1)
  7 wyverns
  A golden eye (shapeshifter) (Depths:3)
  A yaktaur simulacrum (Vaults:3)
  10 basilisks
  2 steam dragons
  2 chaos spawn (Depths:4)
  Edmund (D:6)
  10 swamp worms
  11 wargs
  5 acid dragons
  16 water moccasins
  A water moccasin (shapeshifter) (Gauntlet)
  Duvessa (D:7)
  A floating eye (Depths:2)
  15 hell hounds
  A meliai simulacrum (D:13)
  5 sky beasts
  6 swamp drakes
  An ice beast (shapeshifter) (Vaults:1)
  An eye of draining (shapeshifter) (Depths:5)
  3 ice beasts
  48 orc warriors
  12 black bears
  3 necrophages
  An eye of draining (D:15)
  38 ogres
  3 phantoms
  22 centaurs
  26 wolves
  15 boggarts
  A big kobold (D:11)
  11 bullfrogs
  3 small abominations (Depths:4)
  A gnoll sergeant (D:6)
  A deep troll simulacrum (Vaults:3)
  Dowan (D:7)
  13 scorpions
  A water moccasin skeleton (D:6)
  5 killer bees (D:13)
  12 wights
  7 howler monkeys
  4 electric eels
  A bullfrog zombie (D:5)
  2 crimson imps (Depths:5)
  4 centaur zombies
  3 human zombies
  8 jellies
  5 bullfrog skeletons
  A gnoll shaman (Orc:1)
  16 orc priests
  Crazy Yiuf (D:7)
  5 hounds
  31 orc wizards
  7 iguanas
  3 centaur skeletons
  Terence (D:3)
  A worker ant (shapeshifter) (Gauntlet)
  18 worker ants
  A killer bee zombie (D:8)
  2 big kobold zombies (Ossuary)
  A hound zombie (D:7)
  A hound skeleton (D:4)
  3 mummies (Ossuary)
  A worker ant zombie (D:11)
  11 gnolls
  11 adders
  2 howler monkey skeletons
  9 scorpion zombies (Ossuary)
  A shadow imp (D:8)
  3 white imps
  3 ufetubi
  6 oozes
  2 worms
  3 dart slugs (D:1)
  10 leopard geckos
  106 orcs
  3 ball pythons
  4 bats
  5 giant cockroaches
  3 goblins
  5 hobgoblins
  13 jackals
  10 kobolds
  3 quokkas
  7 frilled lizards
  3 gnoll zombies
  2 hobgoblin zombies (Ossuary)
  A jackal skeleton (D:8)
  2 kobold zombies (Ossuary)
  An orc zombie (Ossuary)
  3 rats
  6 briar patches
1942 creatures vanquished.

Vanquished Creatures (collateral kills)
  A tengu reaver (Depths:3)
  A storm dragon (Vaults:2)
  A frost giant (Depths:5)
  A vault guard (Vaults:4)
4 creatures vanquished.

Vanquished Creatures (others)
  Louise (Depths:1)
  A great orb of eyes (Depths:5)
  An ogre mage (Vaults:2)
  A necromancer (D:14)
  A will-o-the-wisp (Swamp:2)
  3 bloated husks
  A tyrant leech (Swamp:2)
  A spriggan (Depths:5)
  A chaos spawn (Depths:4)
  A swamp worm (Swamp:3)
  2 orc warriors
  An eye of draining (shapeshifter) (Vaults:4)
  An ogre (Vaults:3)
  2 boggarts
  A scorpion (Ossuary)
  2 orc wizards
  An iguana (Lair:6)
  3 orcs (D:10)
  2 briar patches
  16 foxfires
  27 fungi
  61 plants
  4 withered plants (D:2)
135 creatures vanquished.

Grand Total: 2081 creatures vanquished

Notes
Turn   | Place    | Note
-------+----------+-------------------------------------------
     0 | D:1      | nuthulu the Gargoyle Fighter began the quest for the Orb.
     0 | D:1      | Reached XP level 1. HP: 14/14 MP: 1/1
    78 | D:1      | Reached XP level 2. HP: 13/20 MP: 2/2
   551 | D:1      | Reached XP level 3. HP: 24/24 MP: 3/3
   558 | D:1      | Reached skill level 4 in Fighting
   931 | D:2      | Found an ancient bone altar of Kikubaaqudgha.
  1001 | D:2      | Found a sacrificial altar of Ru.
  1182 | D:2      | Reached XP level 4. HP: 30/30 MP: 4/4
  1219 | D:2      | You fall into a shaft and drop 1 floor!
  1428 | D:2      | Found a basalt altar of Yredelemnul.
  1567 | D:3      | Noticed Terence
  1600 | D:3      | Killed Terence
  1705 | D:3      | Reached XP level 5. HP: 27/34 MP: 5/5
  1839 | D:3      | Reached skill level 5 in Fighting
  2162 | D:3      | Found a burning altar of Makhleb.
  2437 | D:4      | Found a sand-covered staircase.
  2447 | Ossuary  | Entered an ossuary
  2801 | Ossuary  | Reached XP level 6. HP: 15/40 MP: 6/6
  3237 | Ossuary  | Reached skill level 6 in Fighting
  3237 | Ossuary  | Reached skill level 5 in Maces & Flails
  3288 | Ossuary  | Reached XP level 7. HP: 21/47 MP: 7/7
  3596 | Ossuary  | Reached skill level 7 in Fighting
  4181 | D:4      | Found Baisoir's Armour Shop.
  4263 | D:4      | Reached XP level 8. HP: 35/53 MP: 8/8
  4515 | D:4      | Reached skill level 8 in Fighting
  4801 | D:4      | Found a shimmering blue altar of Sif Muna.
  4831 | D:5      | Entered Level 5 of the Dungeon
  5155 | D:5      | Found Buzow's Antique Armour Shop.
  5352 | D:5      | Reached skill level 9 in Fighting
  5613 | D:5      | Found a snail-covered altar of Cheibriados.
  5680 | D:5      | Reached XP level 9. HP: 60/60 MP: 9/9
  5763 | D:5      | Found a blossoming altar of Fedhas.
  6495 | D:6      | Reached skill level 10 in Fighting
  6710 | D:6      | Noticed Pikel
  6732 | D:6      | Killed Pikel
  6959 | D:6      | Found an ornate altar of the Wu Jian Council.
  7054 | D:6      | Found a stormy altar of Qazlal.
  7227 | D:6      | Noticed Edmund
  7241 | D:6      | Killed Edmund
  7241 | D:6      | Reached skill level 11 in Fighting
  7273 | D:6      | Reached skill level 10 in Maces & Flails
  7273 | D:6      | Reached XP level 10. HP: 66/69 MP: 10/10
  7860 | D:7      | Found a staircase to the Ecumenical Temple.
  7894 | Temple   | Entered the Ecumenical Temple
  7932 | Temple   | Became a worshipper of Warmaster Okawaru
  8005 | D:7      | Noticed Joseph
  8018 | D:7      | Killed Joseph
  8068 | D:7      | Noticed Dowan
  8070 | D:7      | Noticed Duvessa
  8082 | D:7      | Killed Duvessa
  8085 | D:7      | Killed Dowan
  8196 | D:7      | Found a blossoming altar of Fedhas.
  8257 | D:7      | Found a runed translucent door.
  8258 | D:7      | Noticed Crazy Yiuf
  8271 | D:7      | Noticed a two-headed ogre
  8287 | D:7      | Killed a two-headed ogre
  8287 | D:7      | Reached * piety under Okawaru
  8356 | D:7      | Found an iron altar of Okawaru.
  8365 | D:7      | Reached skill level 12 in Fighting
  8428 | D:7      | Noticed Harold
  8445 | D:7      | Killed Harold
  8923 | D:7      | Killed Crazy Yiuf
  9012 | D:8      | Found an ornate altar of the Wu Jian Council.
  9185 | D:8      | Reached ** piety under Okawaru
  9287 | D:8      | Reached XP level 11. HP: 65/76 MP: 11/11
  9382 | D:8      | Found a snail-covered altar of Cheibriados.
  9444 | D:8      | Found a staircase to the Lair.
  9663 | D:8      | Noticed Maggie
  9671 | D:8      | Killed Maggie
 10049 | D:9      | Found a sparkling altar of Nemelex Xobeh.
 10180 | D:9      | Noticed a two-headed ogre
 10180 | D:9      | Noticed Prince Ribbit
 10194 | D:9      | Killed a two-headed ogre
 10194 | D:9      | Reached *** piety under Okawaru
 10194 | D:9      | Reached skill level 5 in Shields
 10212 | D:9      | Killed Prince Ribbit
 10481 | D:10     | Entered Level 10 of the Dungeon
 10898 | D:10     | Found a flagged portal.
 10908 | Bailey   | Entered a bailey
 11101 | Bailey   | Reached **** piety under Okawaru
 11274 | Bailey   | Noticed an orc knight
 11299 | Bailey   | Killed an orc knight
 11422 | D:10     | Noticed Sonja
 11456 | D:10     | Noticed a boulder beetle
 11487 | D:10     | Killed a boulder beetle
 11679 | D:10     | Found a staircase to the Orcish Mines.
 12057 | Lair:1   | Entered Level 1 of the Lair of Beasts
 12100 | Lair:1   | Reached XP level 12. HP: 82/82 MP: 12/12
 12398 | Lair:1   | Reached ***** piety under Okawaru
 13274 | Lair:1   | Received a gift from Okawaru
 13289 | Lair:1   | Noticed a five-headed hydra
 13297 | Lair:1   | Killed a five-headed hydra
 13367 | Lair:2   | Noticed a four-headed hydra
 13378 | Lair:2   | Killed a four-headed hydra
 13421 | Lair:2   | Reached skill level 10 in Shields
 13468 | Lair:2   | Found a staircase to the Swamp.
 13628 | Lair:2   | Found a hole to the Spider Nest.
 14624 | Lair:3   | Received a gift from Okawaru
 14629 | Lair:3   | Reached XP level 13. HP: 80/87 MP: 13/13
 15145 | Lair:4   | Reached skill level 15 in Maces & Flails
 15669 | Lair:4   | Found a runed translucent gate.
 15671 | Lair:4   | Found a runed translucent gate.
 15672 | Lair:4   | Found a runed translucent gate.
 15674 | Lair:4   | Noticed Orgheunu's ghost (journeyman DDFi)
 15722 | Lair:4   | Killed Orgheunu's ghost
 16671 | Lair:5   | Reached ****** piety under Okawaru
 16681 | Lair:5   | Received a gift from Okawaru
 16887 | Lair:5   | Found a staircase to the Slime Pits.
 17150 | Lair:6   | Entered Level 6 of the Lair of Beasts
 17184 | Lair:5   | Reached skill level 1 in Invocations
 17203 | Lair:5   | Gained mutation: Your large and strong wings let you fly
                  | indefinitely. [Gargoyle growth]
 17203 | Lair:5   | Reached XP level 14. HP: 23/92 MP: 13/15
 18062 | Lair:6   | Reached skill level 5 in Invocations
 18580 | Lair:6   | Received a gift from Okawaru
 18759 | Lair:6   | Reached skill level 15 in Shields
 19633 | Lair:6   | Reached skill level 5 in Armour
 19988 | Orc:1    | Entered Level 1 of the Orcish Mines
 20103 | Orc:1    | Found a roughly hewn altar of Beogh.
 20212 | Orc:1    | Reached XP level 15. HP: 97/97 MP: 21/21
 20345 | Orc:2    | Entered Level 2 of the Orcish Mines
 20413 | Orc:2    | Found a staircase to the Elven Halls.
 20440 | Orc:2    | Found Olienea's Weapon Shoppe.
 20461 | Orc:2    | Paralysed by an orc sorcerer for 6 turns
 20820 | Orc:2    | Gained mutation: Your magical capacity is low. (-10% MP) [a
                  | neqoxec]
 21430 | Orc:2    | Found Ypneitu's Armour Shoppe.
 21431 | Orc:2    | Found Dizyp's Antique Armour Shop.
 21431 | Orc:2    | Found Ohustek's Book Shop.
 21436 | Orc:2    | Received a gift from Okawaru
 21436 | Orc:2    | Reached skill level 10 in Invocations
 21500 | Orc:2    | Bought the +14 plate armour "Axkitede" {Dex+8} for 1562
                  | gold pieces
 21617 | Orc:2    | Found Qeinejum's Jewellery Shoppe.
 21856 | Swamp:1  | Entered Level 1 of the Swamp
 22325 | D:11     | Found a gate leading to a gauntlet.
 22339 | Gauntlet | Entered a Gauntlet
 22339 | Gauntlet | Found a transporter.
 22343 | Gauntlet | Found a transporter.
 22349 | Gauntlet | Found a transporter.
 22385 | Gauntlet | Identified the +1 pair of boots of Minor Irritation {*Slow
                  | rC++ rCorr} (You found it in a Gauntlet)
 22389 | Gauntlet | Found a large runed translucent door.
 22393 | Gauntlet | Found a transporter.
 22489 | Gauntlet | Found a transporter.
 22538 | Gauntlet | Identified the ring of Xom's Malicious Joy {+Fly Str+3
                  | Slay+4 Stlth+}
 22555 | Gauntlet | Identified the Collected Works on Curses
 22559 | Gauntlet | Got a shimmering glass ring
 22560 | Gauntlet | Identified the ring of Goquigof {Ice *Slow Dex+7} (You
                  | found it in a Gauntlet)
 22687 | D:11     | Found a roughly hewn altar of Beogh.
 22887 | D:11     | Received a gift from Okawaru
 23144 | D:12     | Found a glowing golden altar of the Shining One.
 23367 | D:12     | Reached skill level 13 in Fighting
 24238 | Swamp:1  | You are sucked into a shaft and drop 1 floor!
 24265 | Swamp:2  | Found a large runed translucent door.
 24265 | Swamp:2  | Found a large runed translucent door.
 24266 | Swamp:2  | Noticed Pienaguc's ghost (adept DDFi)
 24423 | Swamp:2  | Reached skill level 10 in Armour
 24449 | Swamp:2  | Reached XP level 16. HP: 91/105 MP: 21/21
 24590 | Swamp:2  | Killed Pienaguc's ghost
 24751 | Swamp:2  | Received a gift from Okawaru
 24754 | Swamp:2  | Identified the +2 demon whip of Eqaitoh {drain, rElec Str+4
                  | Int-4} (Okawaru gifted it to you on level 2 of the Swamp)
 24808 | Swamp:2  | Reached skill level 14 in Fighting
 24824 | Swamp:2  | Noticed Aizul
 24842 | Swamp:2  | Killed Aizul
 25185 | Swamp:3  | Identified the Catalogue of the Captivating Blaze
 25191 | Swamp:3  | Noticed a thorn hunter
 25212 | Swamp:3  | Killed a thorn hunter
 25323 | Swamp:3  | Received a gift from Okawaru
 25635 | Orc:2    | Bought the ring "Idwixuri" {+Fly AC+4 Str+3 Dex-4 Slay+5}
                  | for 768 gold pieces
 26224 | Swamp:4  | Entered Level 4 of the Swamp
 26225 | Swamp:4  | Noticed a thorn hunter
 26233 | Swamp:4  | Killed a thorn hunter
 26395 | Swamp:4  | Reached skill level 15 in Fighting
 26832 | Swamp:4  | Noticed a thorn hunter
 26855 | Swamp:4  | Killed a thorn hunter
 27106 | Swamp:4  | Got a decaying rune of Zot
 27157 | Swamp:4  | Received a gift from Okawaru
 27421 | Spider:1 | Entered Level 1 of the Spider Nest
 27655 | Spider:1 | Reached XP level 17. HP: 110/115 MP: 22/22
 28365 | Spider:2 | Reached skill level 16 in Fighting
 28618 | Spider:2 | Received a gift from Okawaru
 29673 | Spider:3 | Reached skill level 17 in Fighting
 29762 | Spider:3 | Noticed Nikola
 29773 | Spider:3 | Killed Nikola
 29844 | Spider:3 | Received a gift from Okawaru
 29964 | Spider:3 | Reached skill level 15 in Armour
 30496 | Spider:4 | Entered Level 4 of the Spider Nest
 30503 | Spider:4 | Noticed Arachne
 30547 | Spider:4 | Killed Arachne
 30573 | Spider:4 | Reached XP level 18. HP: 124/124 MP: 23/23
 31129 | Spider:4 | Reached skill level 18 in Fighting
 31621 | Spider:4 | Received a gift from Okawaru
 31793 | Spider:4 | Got a gossamer rune of Zot
 32175 | D:13     | Got a scorched copper amulet
 32571 | D:13     | Got a slimy bronze ring
 32608 | D:13     | Identified the amulet "Fusopatu" {Acrobat +Fly rC- Dex+2
                  | SInv} (You found it on level 13 of the Dungeon)
 32619 | D:13     | Identified the ring of Serendipity {+Fly Dex+2 Stlth+} (You
                  | found it on level 13 of the Dungeon)
 32956 | D:14     | Found the +5 demon whip "Spellbinder" {antimagic, MR+}
 33479 | D:14     | Found a gate to the Vaults.
 33854 | D:15     | Entered Level 15 of the Dungeon
 33913 | D:15     | Reached skill level 19 in Fighting
 34191 | D:15     | Found a radiant altar of Vehumet.
 34228 | D:15     | Received a gift from Okawaru
 34364 | D:15     | Reached XP level 19. HP: 132/132 MP: 8/24
 34623 | D:15     | Found a staircase to the Depths.
 34727 | Vaults:1 | Entered Level 1 of the Vaults
 35221 | Vaults:1 | Reached skill level 1 in Dodging
 35827 | Vaults:1 | Reached skill level 20 in Fighting
 36054 | Vaults:1 | Received a gift from Okawaru
 36456 | Vaults:2 | Reached skill level 5 in Dodging
 36480 | Vaults:2 | Received a gift from Okawaru
 36530 | Vaults:2 | Found a ruined gateway.
 36563 | Vaults:2 | Found a huge runed gate.
 36563 | Vaults:2 | Found a huge runed gate.
 36563 | Vaults:2 | Found a huge runed gate.
 36564 | Vaults:2 | Found a huge runed gate.
 36564 | Vaults:2 | Found a huge runed gate.
 36564 | Vaults:2 | Found a huge runed gate.
 36565 | Vaults:2 | Found a huge runed gate.
 36565 | Vaults:2 | Found a huge runed gate.
 36565 | Vaults:2 | Found a huge runed gate.
 36565 | Vaults:2 | Found a huge runed gate.
 36569 | Vaults:2 | Found a huge runed gate.
 36569 | Vaults:2 | Found a huge runed gate.
 36569 | Vaults:2 | Found a huge runed gate.
 36569 | Vaults:2 | Found a huge runed gate.
 36569 | Vaults:2 | Found a huge runed gate.
 36569 | Vaults:2 | Found a huge runed gate.
 36569 | Vaults:2 | Found a huge runed gate.
 36570 | Vaults:2 | Found a huge runed gate.
 36571 | Vaults:2 | Found a huge runed gate.
 36579 | Vaults:2 | Found a huge runed gate.
 36579 | Vaults:2 | Found a huge runed gate.
 36579 | Vaults:2 | Found a huge runed gate.
 36579 | Vaults:2 | Found a huge runed gate.
 36579 | Vaults:2 | Found a huge runed gate.
 36579 | Vaults:2 | Found a huge runed gate.
 36579 | Vaults:2 | Found a huge runed gate.
 36580 | Vaults:2 | Found a huge runed gate.
 36581 | Vaults:2 | Found a huge runed gate.
 36588 | Vaults:2 | Identified the +8 hand axe "Eggiagynu" {vamp, +Fly Int+2
                  | Dex+3}
 36630 | Vaults:2 | Reached XP level 20. HP: 79/142 MP: 2/25
 37122 | Vaults:2 | You are sucked into a shaft and drop 2 floors!
 37170 | Vaults:4 | Reached skill level 21 in Fighting
 38046 | Vaults:2 | Received a gift from Okawaru
 38595 | Vaults:3 | Found a staircase to the Crypt.
 38903 | Vaults:3 | Noticed Donald
 38909 | Vaults:3 | Killed Donald
 38998 | Vaults:3 | Found a runed translucent gate.
 38998 | Vaults:3 | Found a runed translucent gate.
 38998 | Vaults:3 | Found a runed translucent gate.
 38998 | Vaults:3 | Noticed Foufiw's ghost (adept DENe)
 39051 | Vaults:3 | Reached XP level 21. HP: 150/150 MP: 8/26
 39397 | Vaults:3 | Reached skill level 22 in Fighting
 39404 | Vaults:3 | Killed Foufiw's ghost
 39404 | Vaults:3 | Received a gift from Okawaru
 39467 | Vaults:3 | Identified Qestru's Disquisition on Flamy Poisoning
 39969 | Vaults:4 | Found Gozag's Antique Weapon Shop.
 40003 | Vaults:4 | Reached skill level 10 in Dodging
 40079 | Vaults:4 | Found Gozag's Antique Armour Shop.
 40095 | Vaults:4 | Found an opulent altar of Gozag.
 40095 | Vaults:4 | Found Gozag's Antique Weapon Boutique.
 40257 | Vaults:4 | Bought an encrusted plate armour for 2800 gold pieces
 40258 | Vaults:4 | Identified the +8 plate armour "Vukolara" {+Fly} (You
                  | bought it in a shop on level 4 of the Vaults)
 40929 | Vaults:4 | Received a gift from Okawaru
 41413 | Depths:1 | Entered Level 1 of the Depths
 41423 | Depths:1 | Paralysed by a great orb of eyes for 7 turns
 41495 | Depths:1 | Reached skill level 23 in Fighting
 41525 | Depths:1 | Found a gateway to Hell.
 41681 | Depths:1 | Reached XP level 22. HP: 132/160 MP: 9/27
 41832 | Depths:1 | Found a gateway to a ziggurat.
 41832 | Depths:1 | Noticed an ancient lich
 41860 | Depths:1 | Killed an ancient lich
 41860 | Depths:1 | Received a gift from Okawaru
 42017 | Depths:1 | Found a portal to a secret trove of treasure.
 42018 | Depths:1 | Noticed Louise
 42019 | Depths:1 | Found a one-way gate to the infinite horrors of the Abyss.
 42029 | Depths:1 | Killed Louise
 42131 | Depths:1 | Received a gift from Okawaru
 42214 | Depths:1 | Found a runed translucent door.
 42233 | Depths:1 | Found a radiant altar of Vehumet.
 42233 | Depths:1 | Noticed an ancient lich
 42276 | Depths:1 | Killed an ancient lich
 42292 | Depths:1 | Identified the Reference Book on Combat Magic
 42396 | Depths:1 | Found Jeush's Jewellery Emporium.
 42397 | Depths:1 | Found Parghopoa's Gadget Shop.
 42398 | Depths:1 | Found Nakkaet's Jewellery Emporium.
 42621 | Depths:2 | Noticed a golden dragon
 42814 | Depths:1 | Killed a golden dragon
 42814 | Depths:1 | Received a gift from Okawaru
 43070 | Depths:1 | Reached skill level 24 in Fighting
 43688 | Depths:2 | Paralysed by a floating eye for 4 turns
 43699 | Depths:2 | Paralysed by a floating eye for 4 turns
 43710 | Depths:2 | Paralysed by a floating eye for 4 turns
 44214 | Depths:2 | Reached XP level 23. HP: 166/168 MP: 9/28
 44412 | Depths:3 | Found Veosac's Assorted Antiques.
 44435 | Depths:3 | Bought a scroll labelled WANORO CELU for 35 gold pieces
 44435 | Depths:3 | Bought 3 scrolls labelled WANORO CELU for 105 gold pieces
 44442 | Depths:3 | Bought a scroll of enchant armour for 262 gold pieces
 44687 | Depths:3 | Received a gift from Okawaru
 44839 | Depths:3 | Found a one-way gate leading to the halls of Pandemonium.
 45556 | Depths:4 | Noticed a golden dragon
 45624 | Depths:4 | Noticed a juggernaut
 45634 | Depths:3 | Killed a golden dragon
 45651 | Depths:4 | Killed a juggernaut
 45651 | Depths:4 | Reached skill level 25 in Fighting
 45661 | Depths:4 | Received a gift from Okawaru
 45662 | Depths:4 | Noticed a juggernaut
 45833 | Depths:3 | Killed a juggernaut
 46221 | Depths:4 | Reached skill level 15 in Dodging
 46300 | Depths:4 | Received a gift from Okawaru
 46324 | Depths:4 | Reached XP level 24. HP: 128/176 MP: 9/28
 46461 | Depths:4 | Found Noudwuo's Magic Scroll Emporium.
 46478 | Depths:4 | Bought a scroll of enchant armour for 157 gold pieces
 46478 | Depths:4 | Bought a scroll of enchant armour for 157 gold pieces
 46655 | Depths:4 | Noticed a caustic shrike
 46664 | Depths:4 | Killed a caustic shrike
 46784 | Depths:4 | Found Taasih's Gadget Emporium.
 47031 | Depths:4 | You are sucked into a shaft and drop 1 floor!
 47031 | Depths:5 | Entered Level 5 of the Depths
 47213 | Depths:4 | Reached skill level 26 in Fighting
 47252 | Depths:4 | Received a gift from Okawaru
 47330 | Depths:4 | Identified Cibinorgh's Collected Works on Hurtful Moulding
 47439 | Depths:4 | Found a basalt altar of Yredelemnul.
 48372 | Depths:5 | Identified the ring of Vehumet's Inspiration {MP+9 Dex+10}
                  | (You found it on level 5 of the Depths)
 48445 | Depths:5 | Received a gift from Okawaru
 48565 | Depths:5 | Found a broken altar of Ashenzari.
 48588 | Depths:5 | Reached XP level 25. HP: 185/185 MP: 9/28
 49119 | Depths:5 | Found a gate to the Realm of Zot.
 49671 | Vaults:5 | Entered Level 5 of the Vaults
 49671 | Vaults:5 | Found the +9 staff of Wucad Mu {channel}
 50082 | Vaults:4 | Reached skill level 27 in Fighting
 50346 | Vaults:4 | Killed from afar by a titan

Illustrated notes

Levels and vault maps discovered:
D:1:      minmay_arrival_open_corners, layout_basic, serial_curves,
          eino_curves_02, eino_curves_03, nrook_campfire
D:2:      layout_loops_cross, lemuel_zombie_altar_yredelemnul,
          kiku_gazebo_garden_becter, nicolae_ru_sacrificial_ziggurat
D:3:      layout_loops_ring, lightli_temple_of_fire, portal_sewer_entry_f,
          kennysheep_decorative_pillar, uniq_terence
D:4:      layout_loops_ring, enter_ossuary_1, serial_shops, nicolae_shop_trees,
          lemuel_blue_sif_altar
D:5:      layout_layer_cave, serial_shops, nicolae_shop_window_shopping,
          basic_altar, fedhas_altar_3
D:6:      layout_loops_ring, kennysheep_little_box, old_standard_altar,
          uniq_pikel, uniq_edmund
D:7:      layout_basic, lemuel_crystal_altar, minmay_temple_entry_large_hall,
          serial_aquarium, aquarium_bridge_island_small
          [aquarium_subvault_small_open, aquarium_subvault_bridge,
          aquarium_subvault_wall, aquarium_subvault_bridge,
          aquarium_subvault_balcony], aquarium_window_corridor_3,
          aquarium_window_1, aquarium_view_2a, aquarium_pool_1,
          grunt_ministairs_5, okawaru_humans, uniq_duvessa,
          uniq_crazy_yiuf_cottage, uniq_harold, uniq_joseph
D:8:      layout_loops_ring, kennysheep_mini, lair_entry_dummy, basic_altar,
          minmay_lizard_king, uniq_maggie
D:9:      layout_basic, nemelex_altar_shiori, uniq_prince_ribbit1
D:10:     layout_roguey, erik_orc_1, enter_bailey_2, uniq_sonja
D:11:     layout_roguey [special_room_orc], gauntlet_entry_generic,
          solitary_fountain, hex_tiny, minmay_misc_feat_room,
          chequers_serial_rivers_marsh, kennysheep_dice
D:12:     layout_roguey, tso_metal_star
D:13:     minmay_ambush_box, layout_irregular_city
D:14:     layout_basic, grunt_vaults_entry_tiered, grunt_decor_clamped
D:15:     grunt_enter_depths_hoard, layout_basic, lemuel_crystal_altar
Temple:   nicolae_temple_god_jail
Lair:1:   cheibrodos_lair_river_kwai, layout_layer_cave
Lair:2:   layout_regular_city, swamp_mist_pool, spider_nest_entry_funnel_web
Lair:3:   layout_regular_city, chequers_serial_rivers_micro_c
Lair:4:   layout_regular_city, gammafunk_ghost_hydra_chop,
          chequers_serial_rivers_small_b
Lair:5:   layout_hall_layers, nicolae_slime_entry_slimehenge,
          serial_bayou_shore_b
Lair:6:   hangedman_lair_caniforms_friends, layout_regular_city,
          guppyfry_lair_end_dragon, infiniplex_staircase_pool
Swamp:1:  layout_falls_marsh, hangedman_swamp_ruin_wall,
          infiniplex_staircase_pool_2, uniq_josephine
Swamp:2:  layout_basic_swamp, ebering_ghost_disaster_area,
          nicolae_swamp_fairy_circle, uniq_aizul
Swamp:3:  layout_falls_marsh, hangedman_swamp_ruin_hall, swamp_pool1,
          hangedman_swamp_lotus, statue_in_the_mist_lemuel
Swamp:4:  swamp, layout_basic_swamp, swamp_pool4
Spider:1: layout_spider_delve
Spider:2: layout_spider_delve, hangedman_stitches_earthworm
Spider:3: layout_spider_delve, uniq_nikola
Spider:4: spider_rune_water, nicolae_spider_webs_and_nodes, drop_trap,
          uniq_arachne
Orc:1:    layout_diamond_mine, basic_altar, nicolae_alphabet_shops
Orc:2:    st_orc_elflike, layout_caves, serial_shops, shop
Vaults:1: v_pattern_4, nicolae_vaults_quadrants,
          ontoclasm_vaults_decontamination, v_misc_24, v_misc_15,
          ontoclasm_vaults_pinch, grunt_vaults_hallway_long,
          vaults_dpeg_encased_lava, v_misc_2,
          hangedman_vaults_stretched_pinwheel, nicolae_vaults_mini_display_case,
          vaults_room_grid, hangedman_vaults_corner_blocks, v_rooms_5,
          hangedman_vaults_impose, nicolae_vaults_shelves_hall,
          ontoclasm_vaults_gateway, layout_vaults_omnibox
Vaults:2: vaults_room_octagon, vaults_door_vault, nicolae_vaults_alarming,
          v_misc_11, v_misc_17, hangedman_vaults_stitches, v_alt_pattern_1,
          vaults_room_fours, v_misc_33, layout_vaults_chaotic_city,
          portal_desolation_entry_garden
Vaults:3: gammafunk_vaults_ghost_necromancy, hangedman_vaults_corner,
          vaults_room_hallway, hangedman_vaults_cutoff, v_misc_2, v_misc_14,
          vaults_room_hallway, v_misc_2, minmay_crypt_entry_simple_box,
          layout_vaults_omnigrid, uniq_donald, uniq_margery
Vaults:4: v_misc_3, nicolae_vaults_big_ls, ontoclasm_vaults_idyll,
          kennysheep_vaults_gozag_temple,
          nicolae_vaults_windows_and_doors_thing, vaults_dpeg_spiral,
          ontoclasm_vaults_spin, vaults_dpeg_cross, vaults_room_door_ring,
          hangedman_vaults_corner_blocks, nicolae_vaults_specimen_jars,
          layout_vaults_ring
Vaults:5: serial_shops
Depths:1: layout_cave_shapes, enter_ziggurat_c, hangedman_coc_ice_floe,
          enter_trove_1, nicolae_abyss_entry_one_way_or_another,
          grunt_absolute_annihilation, minmay_shop_grove
Depths:2: minmay_imperfect_grid, layout_basic, hell_entry, abyss_entry,
          minmay_misc_feat_columns
Depths:3: minmay_chopped_fan, layout_honeycomb, lightli_too_deep,
          dk_noncrumbling_4, serial_shops, nicolae_shop_overgrown_old_shop,
          pan_entry
Depths:4: minmay_the_grid_square_5x5_5x5_mashed
          [minmay_the_grid_square_5x5_seven,
          minmay_the_grid_square_5x5_bracketed,
          minmay_the_grid_square_5x5_slash,
          minmay_the_grid_square_5x5_sharp_hourglass,
          minmay_the_grid_square_5x5_eight, minmay_the_grid_square_5x5_shrine1,
          minmay_the_grid_square_5x5_prize_monsterx,
          minmay_the_grid_square_5x5_n_small,
          minmay_the_grid_square_5x5_prize_itemx,
          minmay_the_grid_square_5x5_eight_small,
          minmay_the_grid_square_5x5_almost_minimal,
          minmay_the_grid_square_5x5_mess,
          minmay_the_grid_square_5x5_prize_waves,
          minmay_the_grid_square_5x5_two_walls_a, minmay_the_grid_square_5x5_v,
          minmay_the_grid_square_5x5_misaligned,
          minmay_the_grid_square_5x5_prize_junk,
          minmay_the_grid_square_5x5_dogpile,
          minmay_the_grid_square_5x5_prize_pseudospiral,
          minmay_the_grid_square_5x5_three,
          minmay_the_grid_square_5x5_checkered_sparse,
          minmay_the_grid_square_5x5_longway,
          minmay_the_grid_square_5x5_one_wall,
          minmay_the_grid_square_5x5_two_small,
          minmay_the_grid_square_5x5_forky], layout_cave_shapes, pan_entry,
          minmay_room_of_horrors, serial_shops, nicolae_shop_statue_plus,
          nicolae_shop_trees, hell_entry, hangedman_blasphemy
Depths:5: grunt_zot_entry_gee_three, layout_gridlike, pf_dread_powers_of_hell,
          nicolae_ashenzari_panopticon, hangedman_decor_riveting,
          grunt_ministairs_13

Skill      XL: |  1  2  3  4  5  6  7  8  9 10 11 12 13 14 15 16 17 18 19 20 21 22 23 24 25 |
---------------+----------------------------------------------------------------------------+-----
Fighting       | 4 5 6 7 9 11 12 13 15 17 19 20 21 23 24 25 26 27 | 27.0
Maces & Flails | 3 4 5 6 8 10 11 13 14 16 | 16.0
Shields        | 8 11 13 15 | 15.1
Invocations    | 2 8 10 | 10.8
Armour         | 5 10 13 15 17 | 17.8
Dodging        | 5 9 11 13 15 16 17 | 17.5

Action                   |  1- 3 |  4- 6 |  7- 9 | 10-12 | 13-15 | 16-18 | 19-21 | 22-24 | 25-27 || total
-------------------------+-------+-------+-------+-------+-------+-------+-------+-------+-------++-------
Melee: Flail             |    92 |    40 |       |       |       |       |       |       |       ||   132
       Morningstar       |       |   152 |   369 |   810 |  1690 |  1309 |       |       |       ||  4330
       Demon whip        |       |       |       |       |       |   307 |  1761 |  1655 |   339 ||  4062
Invok: Heroism           |       |       |       |     5 |     6 |     2 |     3 |     1 |       ||    17
       Finesse           |       |       |       |       |     1 |       |     1 |     1 |       ||     3
 Abil: Fly               |       |       |       |       |     1 |       |       |       |       ||     1
Evoke: Wand              |       |       |       |       |       |       |       |     1 |       ||     1
  Use: Scroll            |     4 |     5 |     9 |    15 |    14 |    16 |     4 |    13 |       ||    80
       Potion            |       |     1 |       |     5 |     8 |       |     1 |       |       ||    15
 Stab: Distracted        |       |       |       |     1 |       |       |     1 |     5 |     1 ||     8
       Confused          |       |       |       |       |       |     2 |       |       |       ||     2
Armor: Scale mail        |    58 |   121 |   148 |       |       |       |       |       |       ||   327
       Plate armour      |       |       |    38 |   551 |  1238 |  1331 |   610 |   735 |   223 ||  4726
Dodge: Dodged            |    33 |    55 |    86 |   123 |   334 |   452 |   452 |   672 |   200 ||  2407
Block: Kite shield       |    70 |   103 |   164 |   482 |  1312 |  1309 |  1060 |  1240 |   381 ||  6121
       Reflection        |       |       |       |       |       |     2 |    63 |    82 |     4 ||   151

Table legend: (Time is in decaauts)
 A = Elapsed time spent in this place.
 B = Non-inter-level travel time spent in this place.
 C = Inter-level travel time spent in this place.
 D = Time resting spent in this place.
 E = Time spent auto-exploring this place.
 F = Levels seen in this place.
 G = Mean time per level.
                   A        B        C        D        E       F      G
               +--------+--------+--------+--------+--------+-----+--------+
         Total |  47630 |  44345 |   3285 |   9879 |  21396 |  45 | 1058.4 |
       Dungeon |  15016 |  13509 |   1507 |   2049 |   7866 |  15 | 1001.1 |
        Temple |     48 |     38 |     10 |      0 |      0 |   1 |   48.0 |
          Lair |   7909 |   7327 |    582 |   1498 |   3796 |   6 | 1318.2 |
         Swamp |   2752 |   2555 |    197 |    699 |   1094 |   4 |  688.0 |
   Spider Nest |   4275 |   4112 |    163 |    866 |   1925 |   4 | 1068.8 |
  Orcish Mines |   1744 |   1602 |    142 |    589 |    511 |   2 |  872.0 |
        Vaults |   6619 |   6197 |    422 |    961 |   3435 |   5 | 1323.8 |
        Depths |   6981 |   6721 |    260 |   1873 |   2765 |   5 | 1396.2 |
       Ossuary |   1588 |   1588 |      0 |   1069 |      0 |   1 | 1588.0 |
        Bailey |    472 |    472 |      0 |    162 |      0 |   1 |  472.0 |
      Gauntlet |    220 |    220 |      0 |    113 |      3 |   1 |  220.0 |
               +--------+--------+--------+--------+--------+-----+--------+

Top non-repeatable levels by time:
Vaults:4: 1946 daAuts
  Lair:6: 1915 daAuts
Depths:3: 1832 daAuts
Vaults:1: 1600 daAuts
Vaults:3: 1594 daAuts
 Ossuary: 1588 daAuts
  Lair:1: 1565 daAuts
     D:5: 1451 daAuts
Vaults:2: 1447 daAuts
     D:6: 1418 daAuts
Depths:1: 1407 daAuts
Depths:5: 1402 daAuts
  Lair:5: 1345 daAuts
Spider:4: 1287 daAuts
    D:10: 1262 daAuts
